 Dungeon Crawl Stone Soup version 0.27-a0-1105-g946c659c87 (webtiles) character file.

Game seed: 17097851581608976827

39 DogServant the Magician (level 3, -1/26 HPs)
             Began as a Djinni Summoner on Apr 29, 2021.
             Slain by Jessica
             ... wielding a +0 dagger
              (4 damage)
             ... on level 2 of the Dungeon.
             The game lasted 00:02:18 (1528 turns).

DogServant the Magician (Djinni Summoner)           Turns: 1528, Time: 00:02:19

Health: -1/26      AC:  2    Str:  8    XL:     3   Next: 45%
Gold:   93         EV: 12    Int: 16    God:
                   SH:  0    Dex: 13

rFire    + + .     SeeInvis .   d - +0 spear
rCold    x . .     Faith    .   (no shield)
rNeg     . . .     Spirit   .   a - +0 robe
rPois    ∞         Reflect  .   (no helmet)
rElec    .         Harm     .   (no cloak)
rCorr    .         Rampage  .   (no gloves)
Will     .....                  (boots unavailable)
Stlth    ++........             (no amulet)
HPRegen  0.08/turn              (no ring)
MPRegen  0.00/turn              (no ring)

@: flying, slowed, very slow
A: fire resistance 2, cold vulnerability 1, float, innate caster, hp casting,
extra vitality 1
a: no special abilities


You were on level 2 of the Dungeon.
You visited 1 branch of the dungeon, and saw 2 of its levels.

You collected 93 gold pieces.

Inventory:

Hand Weapons
 d - a +0 spear (weapon)
Missiles
 p - 13 poisoned darts
Armour
 a - a +0 robe (worn)
Magical Staves
 m - a staff of poison
Jewellery
 i - a +4 ring of evasion
 k - an amulet of magic regeneration
Scrolls
 b - 2 scrolls of torment {unknown}
 c - a scroll of fear {unknown}
 e - a scroll of summoning {unknown}
 g - a scroll of magic mapping {unknown}
 h - a scroll of vulnerability {unknown}
 j - a scroll of enchant weapon {unknown}
 n - a scroll of identify {unknown}
Potions
 f - a potion of curing {unknown}
 l - 2 potions of lignification {unknown}
 o - a potion of brilliance {unknown}
 q - a potion of magic {unknown}


   Skills:
 + Level 0.9 Fighting
 - Level 0.3 Polearms
 - Level 2.2 Dodging
 - Level 1.6 Stealth
 + Level 4.2 Spellcasting


You couldn't memorise any spells.
You knew the following spells:

 Your Spells              Type           Power      Damage    Failure   Level
a - Summon Small Mammal   Summ           68%        N/A       2%          1
b - Call Imp              Summ           17%        N/A       4%          2
c - Call Canine Familiar  Summ           17%        N/A       9%          3
d - Summon Guardian Gole  Hex/Summ       17%        N/A       9%          3
e - Summon Lightning Spi  Summ/Air       17%        N/A       28%         4
f - Summon Ice Beast      Ice/Summ       17%        N/A       28%         4
g - Beastly Appendage     Tmut           34%        N/A       2%          1
Your spell library was empty.

Dungeon Overview and Level Annotations

Branches:
Dungeon (2/15)

Altars:

Annotations:
D:2 Jessica


Innate Abilities, Weirdness & Mutations

You are immune to poison.
Your flesh is very heat resistant. (rF++)
You are vulnerable to cold. (rC-)
You float through the air rather than walking.
You learn spells naturally, not from books.
Your magical power is your life essence.
You have superior vitality. (+4 HP)


Message History

Your rat bites the worm but does no damage.
Jessica hits you with a +0 dagger.
Your quokka barely misses Jessica.
You hit the worm but do no damage.
The worm is heavily wounded.
Jessica hits you but does no damage.
Your rat bites the worm.
Your quokka barely misses Jessica.
You hit the worm.
The worm is severely wounded.
Jessica barely misses you. The worm bites you!
* * * LOW HITPOINT WARNING * * *
Your rat bites the worm.
Your quokka barely misses Jessica.
Jessica barely misses you.
Unknown command.
Your quokka barely misses Jessica.
Your rat bites the worm.
The worm barely misses your rat.
Casting: Summon Small Mammal (safe; 2% risk of failure)
Confirm with . or Enter, or press ? or * to list all spells.
* * * LOW HITPOINT WARNING * * *
Jessica closely misses you.
Your rat bites the worm.
Jessica hits you but does no damage.
Your bat hits Jessica.
Your quokka closely misses Jessica.
Your bat hits Jessica but does no damage.
Your rat bites the worm.
The worm bites your rat!
Your rat dies!
Your rat's corpse disappears in a puff of smoke!
Your bat hits Jessica but does no damage.
Jessica hits your bat with a +0 dagger.
Your bat dies!
Your bat's corpse disappears in a puff of smoke!
Your quokka barely misses Jessica.
Jessica hits you with a +0 dagger.
* * * LOW HITPOINT WARNING * * *
Jessica gestures at you while chanting. You resist with some effort.
Your quokka closely misses Jessica.
Your quokka bites the worm.
Your quokka barely misses the worm.
Your quokka bites the worm.
Jessica gestures at you while chanting.
You feel yourself slow down.
Your quokka bites the worm.
Jessica hits you with a +0 dagger.
You die...

####......#..........#
#....<....#..........#
####......#..........#
#.......#..........#
###.......#..........#
#.....#####..........#
###.### #..........#
######.#######.............
#.........@...w............
##.####.####@####r..........
#...........................
##.#########.####...........
#.# #.# #........... #.# #.#
#.......... #.# #.#
#......... #.# #.#
#.#####... #.# #.# #.# ..


You could see a worm (ally target), Jessica (fast) and a friendly quokka
(summoned).

Vanquished Creatures
  A dart slug (D:2)
  3 ball pythons
  4 bats
  2 endoplasms (D:1)
  4 giant cockroaches
  2 goblins (D:1)
  A hobgoblin (D:1)
  A quokka (D:2)
  3 frilled lizards (D:1)
  2 kobolds (D:1)
  A rat (D:1)
24 creatures vanquished.

Vanquished Creatures (collateral kills)
  An adder (D:2)
  2 ball pythons (D:1)
  A hobgoblin (D:1)
  A bat (D:1)
5 creatures vanquished.

Vanquished Creatures (others)
  A plant (D:1)
1 creature vanquished.

Grand Total: 30 creatures vanquished

Notes
Turn   | Place    | Note
-------+----------+-------------------------------------------
     0 | D:1      | DogServant the Djinni Summoner began the quest for the Orb.
     0 | D:1      | Reached XP level 1. HP: 15/15 MP: 0/0
   190 | D:1      | Reached XP level 2. HP: 21/21 MP: 0/0
   257 | D:1      | Reached skill level 4 in Spellcasting
   388 | D:1      | Found a faded altar of an unknown god.
   777 | D:2      | Reached XP level 3. HP: 25/25 MP: 0/0
   777 | D:2      | Learned a level 1 spell: Beastly Appendage
  1506 | D:2      | Noticed Jessica
  1528 | D:2      | Slain by Jessica

Illustrated notes

Levels and vault maps discovered:
D:1:      heliophobic_arrival_henge, layout_rooms,
          shapermc_ecumenical_altar_mp_ritualfount
D:2:      layout_basic, uniq_jessica

Skill      XL: |  1  2 |
---------------+-------+-----
Spellcasting   | 4 |  4.2
Fighting       | |  0.9
Polearms       | |  0.3
Dodging        | |  2.2
Stealth        | |  1.6

Action                   || total
-------------------------++-------
Melee: Spear             ||   105
 Cast: Summon Small Mamm ||     8
 Stab: Sleeping          ||     2
Armor: Robe              ||    25
Dodge: Dodged            ||    72

Table legend: (Time is in decaauts)
 A = Elapsed time spent in this place.
 B = Non-inter-level travel time spent in this place.
 C = Inter-level travel time spent in this place.
 D = Time resting spent in this place.
 E = Time spent auto-exploring this place.
 F = Levels seen in this place.
 G = Mean time per level.
                   A        B        C        D        E       F      G
               +--------+--------+--------+--------+--------+-----+--------+
         Total |   1537 |   1518 |     19 |     76 |   1216 |   2 |  768.5 |
       Dungeon |   1537 |   1518 |     19 |     76 |   1216 |   2 |  768.5 |
               +--------+--------+--------+--------+--------+-----+--------+

Top non-repeatable levels by time:
     D:2: 770 daAuts
     D:1: 766 daAuts
